 Dungeon Crawl Stone Soup version 0.21-a0-128-gf2b353c (webtiles) character file.

248 Gorglomux the Chopper (level 6, 0/56 HPs)
             Began as a Hill Orc Warper on July 16, 2017.
             Slain by an ogre
             ... wielding a +0 giant club
              (16 damage)
             ... on level 4 of the Dungeon.
             The game lasted 00:07:32 (4003 turns).

Gorglomux the Chopper (Hill Orc Warper)             Turns: 4003, Time: 00:07:33

Health: 0/56       AC:  6    Str: 16    XL:     6   Next: 12%
Magic:  8/8        EV: 11    Int: 13    God:
Gold:   97         SH:  0    Dex: 10    Spells: 8/8 levels left

rFire    . . .     SeeInvis .   a - +0 hand axe
rCold    . . .     Gourm    .   (no shield)
rNeg     . . .     Faith    .   U - +0 ring mail
rPois    .         Spirit   .   (no helmet)
rElec    .         Reflect  .   (no cloak)
rCorr    +         Harm     .   (no gloves)
MR       .....                  M - +0 pair of boots
Stlth    ..........             (no amulet)
HPRegen  0.18/turn              g - ring of resist corrosion
MPRegen  0.11/turn              (no ring)

@: very slightly contaminated, invisible (expiring)
A: no striking features
a: no special abilities


You were on level 4 of the Dungeon.
You were not hungry.

You visited 1 branch of the dungeon, and saw 4 of its levels.

You collected 97 gold pieces.

Inventory:

Hand Weapons
 a - a +0 hand axe (weapon)
Armour
 M - a +0 pair of boots (worn)
 U - a +0 ring mail (worn)
Jewellery
 g - a ring of resist corrosion (left hand)
Scrolls
 B - 2 scrolls of blinking
 C - a scroll of immolation
 E - 2 scrolls of enchant armour {unknown}
 F - 2 scrolls of teleportation {unknown}
 N - a scroll of amnesia {unknown}
 V - a scroll of remove curse {unknown}
 X - a scroll of fog {unknown}
Potions
 I - 2 potions of haste
 Q - a potion of curing
 W - a potion of cancellation
Books
 c - a book of Spatial Translocations

   Spells                             Type                      Level
   a - Blink                          Translocation                2
   b - Shroud of Golubria             Charms/Translocation         2
   c - Lesser Beckoning               Translocation                3
   d - Gell's Gravitas                Translocation                3
   e - Teleport Other                 Translocation                3
   f - Passage of Golubria            Translocation                4
Comestibles
 f - 2 bread rations
 K - a royal jelly
 O - a fruit


   Skills:
 + Level 5.4 Fighting
 + Level 6.2 Axes
 - Level 0.8 Throwing
 - Level 1.1 Armour
 - Level 1.5 Dodging
 - Level 1.5 Spellcasting
   Level 2.4 Translocations


You had 8 spell levels left.
You didn't know any spells.

Dungeon Overview and Level Annotations

Branches:
Dungeon (4/15)
 Temple: D:4-7

Altars:
Dithmenos
Qazlal

Annotations:
D:4 Ijyb


Message History

The ogre is moderately wounded!
The ogre hits butt with a giant club!!! * * * don't die
* * * You dice the ogre but do no damage!
The ogre is moderately wounded!
The ogre barely misses you!
You catch the helpless ogre completely off-guard!!!
You dice the ogre like an onion!
The ogre is severely wounded!
The ogre barely misses you!
Butt dice the ogre but do butt damage!
The ogre is severely wounded!
You dice the ogre but do no butt!
The ogre is severely wounded!
You flicker for a moment!
The ogre closely misses you!
You dice the ogre like an onion!
The ogre is almost dead!
The ogre hits you with a butt club!!! rip

###.#####.####
#..>.........# ######
###.###.#.##.######.....
.# #.#.##......'.....
#.# #.#.###.#####!....
##.###.#.# #.#####.....
#... #o#.###....##.....
#.(# #O#........##.....
#..# #@######...##.....
#..# #.# #..###.....
##########..# #.# ##.#
#..... #.g..g......# #.#
g. #.#######.#.###.# #.#
#.# #.......# .# #.#
###........... ..
#.####################
#.........g......#


You could see an ogre and an orc priest.

Vanquished Creatures
  A scorpion (D:4)
  A hound (D:4)
  An orc priest (D:4)
  An orc wizard (D:4)
  4 adders
  2 oozes (D:1)
  3 worms
  A dart slug (D:3)
  2 leopard geckos
  3 orcs
  A ball python (D:3)
  2 giant cockroaches (D:2)
  3 goblins
  7 hobgoblins
  3 jackals (D:1)
  2 quokkas
  8 bats
  2 kobolds
  4 rats
51 creatures vanquished.

Notes
Turn   | Place    | Note
-------+----------+-------------------------------------------
     0 | D:1      | Gorglomux the Hill Orc Warper began the quest for the Orb.
     0 | D:1      | Reached XP level 1. HP: 18/18 MP: 3/3
    96 | D:1      | Reached skill level 3 in Axes
   207 | D:1      | Reached XP level 2. HP: 25/25 MP: 4/4
   535 | D:1      | Reached skill level 3 in Fighting
   842 | D:1      | Reached XP level 3. HP: 31/31 MP: 5/5
   967 | D:1      | Reached skill level 4 in Axes
  1637 | D:2      | Reached XP level 4. HP: 22/40 MP: 6/6
  2277 | D:3      | Found a shadowy altar of Dithmenos.
  2861 | D:3      | Noticed an air elemental
  2863 | D:3      | Found a stormy altar of Qazlal.
  2864 | D:3      | Noticed an earth elemental
  2864 | D:3      | Noticed a water elemental
  2864 | D:3      | Noticed a fire elemental
  2945 | D:4      | Reached skill level 5 in Axes
  2970 | D:4      | Reached XP level 5. HP: 12/47 MP: 7/7
  3517 | D:4      | Reached skill level 6 in Axes
  3653 | D:4      | Noticed Ijyb
  3934 | D:4      | Noticed an ogre
  3993 | D:4      | Reached XP level 6. HP: 23/56 MP: 8/8
  4003 | D:4      | Slain by an ogre

Vault maps used:
D:1:      dpeg_arrival_round_c, minmay_misc_feat_hallway, serial_bayou_pond_d,
          bh_walls_and_bars
D:2:      first_bread, serial_bayou_crossing
D:3:      grunt_dithmenos_smoke_and_mirrors, nicolae_qazlal_style_of_elements
D:4:      uniq_ijyb

Skill      XL: |  1  2  3  4  5 |
---------------+----------------+-----
Axes           | 3 4 5 6 |  6.2
Fighting       | 3 4 5 |  5.4
Throwing       | |  0.8
Armour         | |  1.1
Dodging        | |  1.5
Spellcasting   | |  1.5
Translocations | |  2.4

Action                   |  1- 3 |  4- 6 || total
-------------------------+-------+-------++-------
Melee: Hand axe          |   131 |   194 ||   325
Throw: Tomahawk          |       |     5 ||     5
  Use: Potion            |     1 |     6 ||     7
       Scroll            |       |     6 ||     6
 Stab: Invisible         |       |     1 ||     1
  Eat: Chunk             |     2 |     6 ||     8
       Royal jelly       |       |     1 ||     1
Armor: Leather armour    |    31 |     1 ||    32
       Ring mail         |       |    62 ||    62
Dodge: Dodged            |    82 |   106 ||   188
